 Dungeon Crawl Stone Soup version 0.29-a0-322-g68df515 (webtiles) character file.

Game seed: 16082358028146168736

1 Toastz the Covered (level 1, 18/18 HPs)
             Began as a Demonspawn Wanderer on Apr 6, 2022.
             Was a Follower of Wu Jian.
             Quit the game on level 1 of the Dungeon.
             The game lasted 00:01:21 (50 turns).

Toastz the Covered (Demonspawn Wanderer)              Turns: 50, Time: 00:01:22

Health: 18/18      AC:  9    Str: 10    XL:     1   Next: 16%
Magic:  1/1        EV:  4    Int: 10    God:    Wu Jian [*.....]
Gold:   0          SH:  0    Dex: 17    Spells: 0/0 levels left

rFire   . . .      SeeInvis .   a - +0 spear
rCold   . . .      Faith    .   (no shield)
rNeg    . . .      Spirit   .   b - +0 chain mail
rPois   .          Reflect  .   (no helmet)
rElec   .          Harm     .   (no cloak)
rCorr   .          Rampage  .   (no gloves)
Will    .....                   (no boots)
Stlth   ..........              (no amulet)
HPRegen 0.06/turn               (no ring)
MPRegen 0.07/turn               (no ring)

@: no status effects
A: no striking features
a: Renounce Religion


You were on level 1 of the Dungeon.
You worshipped Wu Jian.
Wu Jian was aware of your devotion.
You visited 1 branch of the dungeon, and saw 1 of its levels.

Inventory:

Hand Weapons
 a - a +0 spear (weapon)
Armour
 b - a +0 chain mail (worn)
Scrolls
 d - a scroll of teleportation
 e - a scroll of amnesia {unknown}
 f - a scroll of noise {unknown}
Potions
 c - a potion of curing


   Skills:
 + Level 3.0 Fighting
 + Level 1.0 Polearms
 - Level 4.5 Armour
 - Level 1.0 Stealth


You couldn't memorise any spells.
You didn't know any spells.
Your spell library was empty.

Dungeon Overview and Level Annotations

Branches:
Dungeon (1/15)

Altars:
Wu Jian


Message History

Welcome, Toastz the Demonspawn Wanderer.
The sublime Orb of Zot lies far below, as if waiting for you to find it.
Press ? for a list of commands and other information.
Found a scroll labelled KEIGON QETARPH.
Found a staircase leading out of the dungeon.
You begin with the following items: a +0 spear, a +0 chain mail, a potion of curing, a scroll of teleportation.
You don't know any spells.
e - a scroll labelled KEIGON QETARPH As you open the door, it creaks loudly!
There is an open door here.
Found 23 stones.
f - a scroll labelled RAIDIOLAOWN A hobgoblin comes into view.
The hobgoblin shouts!
You barely miss the hobgoblin. The hobgoblin barely misses you.
You barely miss the hobgoblin. The hobgoblin hits you.
You hit the hobgoblin.
The hobgoblin is moderately wounded.
The hobgoblin hits you but does no damage.
You hit the hobgoblin.
The hobgoblin is heavily wounded.
The hobgoblin hits you but does no damage.
You hit the hobgoblin.
You kill the hobgoblin!
Setting a skill training target for Polearms at 12.0.
You don't know any spells.
HP restored.
Found a faded altar of an unknown god.
You don't know any spells.
There is a faded altar of an unknown god here.
You cannot tell which god this altar belongs to.
Convert to them anyway?
Wu Jian accepts your prayer! The Council welcomes you!
You can now perform damaging attacks by moving towards foes.
You can now lightly attack monsters by moving around them.
Unknown command.
Press < or > to pray at altars.
Are you sure you want to abandon this character and quit the game? (Confirm with "yes".)

#########
#.^.....#
#^@^....#
#..^....#
#.......#
#.......#
#.......#
#.......#
####.####
. #.#
...#####.#


There were no monsters in sight!

Vanquished Creatures
  A hobgoblin (D:1)
1 creature vanquished.

Notes
Turn   | Place    | Note
-------+----------+-------------------------------------------
     0 | D:1      | Toastz the Demonspawn Wanderer began the quest for the Orb.
     0 | D:1      | Toastz set off with the following items: a +0 spear, a +0
                  | chain mail, a potion of curing, a scroll of teleportation
     0 | D:1      | Reached XP level 1. HP: 18/18 MP: 1/1
    41 | D:1      | Found a faded altar of an unknown god.
    49 | D:1      | Prayed at the altar of an unknown god.
    49 | D:1      | Became a worshipper of the Wu Jian Council
    49 | D:1      | Reached * piety under Wu Jian
    50 | D:1      | Quit the game

Illustrated notes

Levels and vault maps discovered:
D:1:      minmay_arrival_checkered_box, layout_loops_cross,
          ebering_ecumenical_altar_webs, nrook_mini_vaults,
          chequers_serial_rivers_room_a, minmay_lizard_pond

Action                   || total
-------------------------++-------
Melee: Spear             ||     5
Armor: Chain mail        ||     2
Dodge: Dodged            ||     1

Table legend: (Time is in decaauts)
 A = Elapsed time spent in this place.
 B = Non-inter-level travel time spent in this place.
 C = Inter-level travel time spent in this place.
 D = Time resting spent in this place.
 E = Time spent auto-exploring this place.
 F = Levels seen in this place.
 G = Mean time per level.
                   A        B        C        D        E       F      G
               +--------+--------+--------+--------+--------+-----+--------+
         Total |     50 |     44 |      6 |      0 |     29 |   1 |   50.0 |
       Dungeon |     50 |     44 |      6 |      0 |     29 |   1 |   50.0 |
               +--------+--------+--------+--------+--------+-----+--------+

Top non-repeatable levels by time:
     D:1: 50 daAuts
